 Dungeon Crawl Stone Soup version 0.27.1-33-g824d729ab1 (webtiles) character file.

Game seed: 5766745009787295131

49 zeram the Shield-Bearer (level 3, -1/23 HPs)
             Began as a Gargoyle Fighter on Dec 26, 2021.
             Slain by a centaur zombie (3 damage)
             ... on level 3 of the Dungeon.
             The game lasted 00:02:01 (1126 turns).

zeram the Shield-Bearer (Gargoyle Fighter)          Turns: 1126, Time: 00:02:02

Health: -1/23      AC: 10    Str: 20    XL:     3   Next: 77%
Magic:  0/3        EV:  5    Int:  8    God:
Gold:   45         SH: 14    Dex:  9    Spells: 2/2 levels left

rFire    . . .     SeeInvis .   a - +0 rapier
rCold    . . .     Faith    .   j - +0 tower shield
rNeg     + . .     Spirit   +   b - +0 scale mail
rPois    ∞         Reflect  .   (no helmet)
rElec    +         Harm     .   (no cloak)
rCorr    .         Rampage  .   (no gloves)
Will     .....                  (no boots)
Stlth    ..........             f - amulet of guardian spirit
HPRegen  0.07/turn              (no ring)
MPRegen  0.08/turn              (no ring)

@: no status effects
A: sickness immunity, AC +3, negative energy resistance 1, electricity
resistance, torment resistance 1, petrification resistance
a: no special abilities


You were on level 3 of the Dungeon.
You visited 1 branch of the dungeon, and saw 4 of its levels.

You collected 45 gold pieces.

Inventory:

Hand Weapons
 a - a +0 rapier (weapon)
Armour
 b - a +0 scale mail (worn)
 c - a +0 kite shield
 j - a +0 tower shield (worn)
Jewellery
 f - an amulet of guardian spirit (around neck)
Scrolls
 g - a scroll of summoning
 h - a scroll of silence {unknown}
Potions
 d - 2 potions of might
 e - a potion of berserk rage {unknown}
 i - a potion of lignification {unknown}


   Skills:
 - Level 3.2 Fighting
 - Level 1.7 Short Blades
 + Level 4.2 Armour
 + Level 0.1 Dodging
 + Level 4.2 Shields


You had 2 spell levels left.
You didn't know any spells.
Your spell library was empty.

Dungeon Overview and Level Annotations

Branches:
Dungeon (4/15)
 Temple: D:4-7

Altars:


Innate Abilities, Weirdness & Mutations

You are immune to sickness and miasma.
Your stone body is resilient. (AC +3)
You are immune to poison.
You resist negative energy. (rN+)
You are resistant to electric shocks. (rElec)
You are resistant to unholy torment.
You are immune to petrification.


Message History

Your quokka barely misses the gnoll.
The gnoll misses your quokka.
Your quokka bites the gnoll.
The gnoll barely misses your quokka.
Your quokka bites the gnoll but does no damage.
The gnoll hits your quokka with a +0 flail!
Your quokka dies!
Your quokka's corpse dissolves into shadows!
Found a curved jewelled staff.
You see here a staff of cold.
A centaur zombie comes into view.
As you read the scroll of summoning, it crumbles to dust.
Wisps of shadow whirl around you... What are your orders? t - Shout!
Orders for allies: a - Attack new target. r - Retreat! s - Stop attacking. g - Guard the area. f - Follow me.
Anything else - Cancel.
Gang up on whom?
Press: ? - help, Dir - move target, f - gnoll
Aim: a gnoll, wielding a +0 flail (lightly wounded, ally target) Attack!
The centaur zombie closely misses your frilled lizard.
The centaur zombie kicks your frilled lizard.
Your frilled lizard dies!
Your frilled lizard's corpse dissolves into shadows!
You swap places.
The centaur zombie hits you.
The centaur zombie kicks you but does no damage.
Your kobold barely misses the gnoll.
You puncture the centaur zombie!
The centaur zombie is moderately damaged.
You block the centaur zombie's attack. x2; The gnoll barely misses your kobold.
The centaur zombie hits you.
* * * LOW HITPOINT WARNING * * *
The centaur zombie barely misses you.
Your kobold hits the gnoll with a +0 whip.
The gnoll completely misses your kobold.
You hit the centaur zombie.
The centaur zombie is moderately damaged.
The centaur zombie hits you.
You die...

.###.†.......
......)......
#####.#+#####
..# #.#.# #.#
#.#.# #.#
#.#.# #l#
#...# #.#
##..#
#########
#.####.g####
#@Z......
#......>...#
#.######.
##########[#
#.# # #g# #r#
# #g# #K# #
#.# # #g# #
#.# #.#g# #
#.#
#.#.######.
#.#
#..........


You could see 2 gnolls, a centaur zombie, a friendly quokka (summoned) and a
friendly kobold (summoned).

Vanquished Creatures
  A gnoll (D:3)
  An adder (D:3)
  A dart slug (D:1)
  A bat (D:1)
  An endoplasm (D:1)
  2 giant cockroaches (D:1)
  4 goblins (D:1)
  A hobgoblin (D:3)
  4 quokkas (D:1)
  3 ball pythons
  2 frilled lizards
  4 kobolds
  2 rats
27 creatures vanquished.

Vanquished Creatures (collateral kills)
  2 bats (D:3)
2 creatures vanquished.

Grand Total: 29 creatures vanquished

Notes
Turn   | Place    | Note
-------+----------+-------------------------------------------
     0 | D:1      | zeram the Gargoyle Fighter began the quest for the Orb.
     0 | D:1      | Reached XP level 1. HP: 14/14 MP: 1/1
   109 | D:1      | Reached XP level 2. HP: 18/19 MP: 0/2
   649 | D:1      | Reached XP level 3. HP: 23/23 MP: 3/3
   916 | D:2      | You fall into a shaft and drop 2 floors!
  1125 | D:3      | HP: 1/23 [centaur zombie (2)]
  1126 | D:3      | Slain by a centaur zombie

Illustrated notes

Levels and vault maps discovered:
D:1:      dpeg_arrival_simpleton_a, layout_basic
D:2:      layout_basic, basic_altar, serial_shops, shop
D:3:      layout_basic, minmay_misc_feat_tower
D:4:      layout_loops_cross, nicolae_ru_awakened_eye, sigmund_edmund_badplayer

Skill      XL: |  1  2  3 |
---------------+----------+-----
Shields        | 4 |  4.2
Armour         | 4 |  4.2
Fighting       | |  3.2
Short Blades   | |  1.7
Dodging        | |  0.1

Action                   || total
-------------------------++-------
Melee: Rapier            ||    80
  Use: Scroll            ||     3
Armor: Scale mail        ||    40
Dodge: Dodged            ||    33
Block: Kite shield       ||    26
       Tower shield      ||    18
